 Dungeon Crawl Stone Soup version 0.29.1-12-g30fa7ad0bf (webtiles) character file.

Game seed: 14392157020580672199

51 Jaijje the Magician (level 3, -1/28 HPs)
             Began as a Demonspawn Hedge Wizard on Jan 11, 2023.
             Slain by Terence
             ... wielding a +0 flail
              (9 damage)
             ... on level 2 of the Dungeon.
             The game lasted 00:06:27 (1877 turns).

Jaijje the Magician (Demonspawn Hedge Wizard)       Turns: 1877, Time: 00:06:27

Health: -1/28      AC:  2    Str: 12    XL:     3   Next: 58%
Magic:  15/16      EV: 12    Int: 15    God:
Gold:   75         SH:  0    Dex: 12    Spells: 4/8 levels left

rFire   . . .      SeeInvis .   f - staff of poison
rCold   . . .      Faith    .   (no shield)
rNeg    . . .      Spirit   .   b - +0 robe
rPois   +          Reflect  .   c - +0 hat
rElec   .          Harm     .   (no cloak)
rCorr   .          Rampage  .   (no gloves)
Will    .....                   (no boots)
Stlth   ++........              (no amulet)
HPRegen 0.09/turn               l - ring of magical power
MPRegen 0.15/turn               (no ring)

@: no status effects
A: demonic touch 1
a: no special abilities


You were on level 2 of the Dungeon.
You visited 1 branch of the dungeon, and saw 2 of its levels.

You collected 75 gold pieces.

Inventory:

Hand Weapons
 a - a +0 dagger
Armour
 b - a +0 robe (worn)
 c - a +0 hat (worn)
Magical Staves
 f - a staff of poison (weapon)
Jewellery
 l - a ring of magical power (left hand)
Scrolls
 g - 2 scrolls of teleportation {unknown}
 h - a scroll of noise {unknown}
 k - a scroll of identify {unknown}
Potions
 d - a potion of magic
 e - a potion of curing
 i - a potion of ambrosia {unknown}
 j - a potion of lignification {unknown}


   Skills:
 * Level 2.8 Fighting
 - Level 0.2 Staves
 - Level 1.7 Dodging
 - Level 1.7 Stealth
 * Level 3.1 Spellcasting
 + Level 1.4 Conjurations
 - Level 1.0 Summonings
 + Level 0.8 Translocations
 * Level 0.1 Poison Magic


You had 4 spell levels left.
You knew the following spells:

 Your Spells              Type           Power      Damage    Failure   Level
a - Magic Dart            Conj           24%        1d4       11%         1
b - Mephitic Cloud        Conj/Pois/Air  5%         N/A       43%         3

Your spell library contained the following spells:

 Spells                   Type           Power      Damage    Failure   Level
 Foxfire                  Conj/Fire      16%        2x1d4     14%         1
 Slow                     Hex            8%         N/A       21%         1
 Call Imp                 Summ           5%         N/A       21%         2
 Blink                    Tloc           8%         N/A       22%         2
 Conjure Flame            Conj/Fire      4%         6-21      41%         3
 Confusing Touch          Hex            2%         N/A       52%         3
 Inner Flame              Hex/Fire       2%         N/A       52%         3
 Vampiric Draining        Necr           2%         2d6       52%         3
 Flame Wave               Conj/Fire      4%         2d5       82%         4


Dungeon Overview and Level Annotations

Branches:
Dungeon (2/15)

Altars:

Annotations:
D:2 Terence


Innate Abilities, Weirdness & Mutations

Your touch may inflict minor irresistible damage on your foes.


Message History

Terence completely misses you. Terence hits you with a +0 flail.
* * * LOW HITPOINT WARNING * * *
It was a potion of curing.
You feel better. Terence hits you with a +0 flail!
* * * LOW HITPOINT WARNING * * *
You feel better. Terence hits you with a +0 flail.
* * * LOW HITPOINT WARNING * * *
Casting: Magic Dart (safe; 11% risk of failure)
Confirm with . or Enter, or press ? or * to list all spells.
Aiming: Magic Dart (safe; 11% risk of failure)
Press: ? - help, Shift-Dir - straight line, f/p - Terence
Aim: Terence, wielding a +0 flail and wearing a +0 ring mail (severely wounded, 100% to hit)
The magic dart hits Terence.
Terence is almost dead.
Terence closely misses you.
Casting: Magic Dart (safe; 11% risk of failure)
Confirm with . or Enter, or press ? or * to list all spells.
Aiming: Magic Dart (safe; 11% risk of failure)
Press: ? - help, Shift-Dir - straight line, f/p - Terence
Aim: Terence, wielding a +0 flail and wearing a +0 ring mail (almost dead, 100% to hit)
The magic dart hits Terence but does no damage.
Terence is almost dead.
Terence completely misses you.
You barely miss Terence.
Terence is almost dead.
Terence misses you.
You barely miss Terence.
Terence is almost dead.
Terence closely misses you.
You closely miss Terence.
Terence is almost dead.
Terence hits you with a +0 flail.
* * * LOW HITPOINT WARNING * * *
You feel better. Terence hits you with a +0 flail.
* * * LOW HITPOINT WARNING * * *
You feel better. Terence hits you with a +0 flail.
* * * LOW HITPOINT WARNING * * *
You hit Terence but do no damage.
Terence is almost dead.
Terence hits you with a +0 flail!
You die...

####.#..##.##........# #.#
# #.#..##.##........# #.# #
#.#......#........# #.#
#.##.##...........# #.#
#.##.##.#.........# #.#
#....##.#.........# #.#
#######.#.........#######.#
#.###'####†......##.#
#.#....@.#.......##.####
..#....#@#.......'...†..
###....#.#.......##.####
.......+.........##.#
###..............##.#
##...P..†P.........
#..♣......##+###.#
...♣.♣♣.... #.# _.♣.. #.#


You could see Terence.

Vanquished Creatures
  2 dart slugs (D:1)
  2 worms (D:2)
  7 bats
  2 endoplasms (D:1)
  3 giant cockroaches (D:1)
  8 goblins
  2 hobgoblins (D:1)
  4 kobolds
  2 quokkas
  2 ball pythons
  3 frilled lizards
  3 rats
40 creatures vanquished.

Vanquished Creatures (others)
  4 fungi (D:2)
  7 plants (D:2)
11 creatures vanquished.

Grand Total: 51 creatures vanquished

Notes
Turn   | Place    | Note
-------+----------+-------------------------------------------
     0 | D:1      | Jaijje the Demonspawn Hedge Wizard began the quest for the
                  | Orb.
     0 | D:1      | Reached XP level 1. HP: 13/13 MP: 4/4
    36 | D:1      | Reached skill level 1 in Fighting
   207 | D:1      | Gained mutation: Your touch may inflict minor irresistible
                  | damage on your foes. [demonic ancestry]
   207 | D:1      | Reached XP level 2. HP: 17/22 MP: 6/6
   829 | D:1      | Reached XP level 3. HP: 17/28 MP: 7/7
  1665 | D:2      | Learned a level 3 spell: Mephitic Cloud
  1725 | D:2      | Found a faded altar of an unknown god.
  1858 | D:2      | Noticed Terence
  1877 | D:2      | Slain by Terence

Illustrated notes

Levels and vault maps discovered:
D:1:      dpeg_arrival_short_road, layout_basic
D:2:      layout_basic, dreamdust_ecumenical_altar_grove, uniq_terence

Skill      XL: |  1  2 |
---------------+-------+-----
Fighting       | 1 2 |  2.8
Staves         | |  0.2
Dodging        | |  1.7
Stealth        | |  1.7
Spellcasting   | |  3.1
Conjurations   | |  1.4
Summonings     | |  1.0
Translocations | |  0.8
Poison Magic   | |  0.1

Action                   || total
-------------------------++-------
Melee: Dagger            ||    34
       Staff             ||    39
       Touch             ||     9
 Cast: Magic Dart        ||    56
  Use: Potion            ||     4
 Stab: Sleeping          ||     2
Armor: Robe              ||    20
Dodge: Dodged            ||    53
